 Dungeon Crawl Stone Soup version 0.28.0-53-g5a82cb258f (webtiles) character file.

Game seed: 14040935437473030810

8851 buriedalive the Nimble (level 11, 0/68 HPs)
             Began as a Deep Elf Ice Elementalist on June 1, 2022.
             Was an Initiate of Ashenzari.
             Slain by a shadow (6 damage)
             ... on level 8 of the Dungeon.
             The game lasted 00:31:02 (13806 turns).

buriedalive the Nimble (Deep Elf Ice Elementalist) Turns: 13806, Time: 00:31:02

Health: 0/68       AC: 12    Str:  5    XL:     11   Next: 15%
Magic:  10/21      EV: 21    Int: 34    God:    Ashenzari [......]
Gold:   688        SH:  0    Dex: 13    Spells: 5/20 levels left

rFire   + . .      SeeInvis .   n - +2 mace of Amortisation {drain, *Noise Fragile rPois Int+9}
rCold   + . .      Faith    .   (no shield)
rNeg    . . .      Spirit   .   r - +2 robe {rC+ rF+}
rPois   +          Reflect  .   j - +1 helmet
rElec   .          Harm     .   m - +2 cloak
rCorr   .          Rampage  .   (no gloves)
Will    +....                   d - +2 pair of boots "Yoke of Ashenzari" {Self, Fort} (curse)
Stlth   ++........              (no amulet)
HPRegen 0.00/turn               o - ring of wizardry
MPRegen 0.17/turn               t - +4 ring of evasion

@: inhibited regen, slowed, very slow
A: hooves 1, clumsy 1, inhibited regeneration, MP-powered wands
a: Renounce Religion, Shatter the Chains


You were on level 8 of the Dungeon.
You worshipped Ashenzari.
Ashenzari was noncommittal.
You visited 2 branches of the dungeon, and saw 10 of its levels.
You also visited: Ossuary.

You collected 688 gold pieces.

Inventory:

Hand Weapons
 f - a +1 dagger
 l - a +3 quarterstaff of chaos
 n - the +2 mace of Amortisation (weapon) {drain, *Noise Fragile rPois Int+9}
   (You found it on level 2 of the Dungeon)

   A truly terrible weapon, it drains the life of any living foe it strikes.
   Int:       It affects your intelligence (+9).
   rPois:     It protects you from poison.
   *Noise:    It may make noises in combat.
   Fragile:   It will be destroyed if unequipped.
 y - the +4 dagger "Morg" {pain, Will+ Int+5}
   (You found it on level 6 of the Dungeon)

   In the hands of one skilled in necromantic magic, it inflicts extra damage on
   living creatures.
   Int:       It affects your intelligence (+5).
   Will:      It increases your willpower.
Missiles
 c - 173 stones
 i - a curare-tipped dart
 q - 16 poisoned darts (quivered)
 C - 6 throwing nets
Armour
 d - the cursed +2 pair of boots "Yoke of Ashenzari" (worn) {Self, Fort}
   (You found it on level 4 of the Dungeon)

   It has a curse which improves the following skills: Introspection: Fighting
   and Spellcasting.
   Fortitude: Armour and Shields.
 j - a +1 helmet (worn)
 m - a +2 cloak (worn)
 r - a +2 robe of resistance (worn)
Jewellery
 o - a ring of wizardry (left hand)
 t - a +4 ring of evasion (right hand)
 v - a +6 ring of strength
 E - an amulet of the acrobat
Wands
 p - a wand of paralysis (2)
Scrolls
 h - 2 scrolls of enchant weapon
 x - 5 scrolls of teleportation
 z - 4 scrolls of summoning
 A - 2 scrolls of magic mapping
 B - 2 scrolls of vulnerability {unknown}
 F - a scroll of immolation {unknown}
Potions
 a - a potion of degeneration {unknown}
 b - 2 potions of curing
 e - 4 potions of brilliance
 g - 2 potions of attraction
 k - 3 potions of flight
 s - 2 potions of resistance
 u - a potion of mutation
 w - a potion of haste


   Skills:
 + Level 7.3(7.8) Fighting
 - Level 12.0 Dodging
 - Level 2.4 Stealth
 - Level 5.0(5.4) Spellcasting
 - Level 6.1 Conjurations
 + Level 4.6 Summonings
 - Level 10.1 Ice Magic


You had 5 spell levels left.
You knew the following spells:

 Your Spells              Type           Power      Damage    Failure   Level
a - Freeze                Ice            100%       1d11      1%          1
b - Ozocubu's Armour      Ice            67%        N/A       1%          3
c - Frozen Ramparts       Ice            100%       1d12      1%          3
d - Hailstorm             Conj/Ice       59%        3d13      1%          4
e - Summon Ice Beast      Ice/Summ       56%        N/A       1%          4

Your spell library contained the following spells:

 Spells                   Type           Power      Damage    Failure   Level
 Dazzling Flash           Conj/Hex       58%        N/A       1%          3
 Stone Arrow              Conj/Erth      58%        3d10      1%          3
 Gell's Gravitas          Tloc           9%         N/A       5%          3
 Lesser Beckoning         Tloc           9%         N/A       5%          3
 Teleport Other           Tloc           9%         N/A       5%          3
 Animate Armour           Summ/Erth      50%        N/A       6%          4
 Cause Fear               Hex            4%         N/A       16%         4
 Summon Mana Viper        Hex/Summ       25%        N/A       17%         5
 Agony                    Necr           9%         N/A       41%         5
 Silence                  Hex/Air        4%         N/A       41%         5
 Ozocubu's Refrigeration  Ice            33%        4d11      22%         7
 Conjure Ball Lightning   Conj/Air       14%        3x3d6     56%         6
 Monstrous Menagerie      Summ           20%        N/A       88%         7
 Dragon Form              Tmut           4%         N/A       100%        7
 Discord                  Hex            4%         N/A       100%        8
 Disjunction              Tloc           4%         N/A       100%        8
 Lehudib's Crystal Spear  Conj/Erth      14%        10d5      100%        8
 Dragon's Call            Summ           20%        N/A       100%        9


Dungeon Overview and Level Annotations

Branches:
Dungeon (9/15)             Temple (1/1) D:4         Ossuary (visited)
   Lair: D:8-11         Orc: D:9-12

Altars:
Ashenzari
Cheibriados
Dithmenos
Elyvilon
Fedhas
Gozag
Hepliaklqana
Kikubaaqudgha
Makhleb
Nemelex Xobeh
Okawaru
Qazlal
Ru
Sif Muna
Trog
Uskayaw
Vehumet
Wu Jian
Xom
Yredelemnul
Zin
The Shining One

Shops:
D:5 *   D:8 !

Annotations:
D:9 1 runed translucent door


Innate Abilities, Weirdness & Mutations

You have large cloven feet.
You are clumsy. (Dex -2)
You do not regenerate when monsters are visible.
You expend magic power (3 MP) to strengthen your wands.


Message History

Casting: Summon Ice Beast (dangerous; 1% risk of failure)
Confirm with . or Enter, or press ? or * to list all spells.
A chill wind blows around you.
Your ice beast disappears in a puff of smoke!
The shadow hits you. The shadow misses you.
Unknown command.
What are your orders? t - Shout!
Orders for allies: a - Attack new target. r - Retreat! s - Stop attacking. g - Guard the area. f - Follow me.
Anything else - Cancel.
Gang up on whom?
Press: ? - help, Dir - move target, f - shadow
Aim: a shadow (ally target) Attack!
The shadow slips into darkness.
The shadow flickers and vanishes!
Deactivating autopickup; reactivate with Ctrl-A.
Your ice beast barely misses something.
The shadow strikes at you from the darkness!
Reactivating autopickup.
Your ice beast closely misses the shadow.
The shadow closely misses you.
Your ice beast misses the shadow.
Unknown command.
You hit the shadow.
The shadow is lightly damaged.
The shadow slips into darkness.
The shadow flickers and vanishes!
Deactivating autopickup; reactivate with Ctrl-A.
Your ice beast hits something but does no damage.
The shadow strikes at you from the darkness!
* * * LOW HITPOINT WARNING * * *
Reactivating autopickup.
Your ice beast hits the shadow.
Your ice beast freezes the shadow.
The shadow completely resists.
You hit the shadow.
The shadow is lightly damaged.
The shadow hits you.
You die...

#.##### #.# #.#
######## #.#
#......# #.#
#......# #.#
#......# #.#
###......###)#####
#@W........[......
#.#Y.....###.####.
#.##########'## #.
#.# #......# #.
#.# #......# #.
#.# #......# #.
#.# #...[..# #.
#.# #####'## #.
#.# #.# ##


You could see a shadow (ally target) and a friendly ice beast (summoned).

Vanquished Creatures
  Harold (D:8)
  Erica (D:8)
  2 two-headed ogres
  Pikel (D:4)
  A cyclops (D:9)
  Maggie (D:7)
  A troll (D:9)
  A hornet (D:9)
  Grinder (D:3)
  Sigmund (D:5)
  A shadow (D:7)
  A wraith (D:9)
  2 yaks (D:9)
  Grum (D:8)
  Edmund (D:6)
  An orc warrior (D:9)
  A water moccasin (D:7)
  3 black bears
  An ice beast (D:6)
  A necrophage (D:6)
  3 ogres
  2 centaurs
  2 wolves (D:8)
  2 lemures (D:4)
  2 phantoms
  An elf zombie (Ossuary)
  4 kobold brigands
  2 bullfrogs
  A gnoll sergeant (D:8)
  2 scorpions
  5 killer bees (D:9)
  7 wights
  A howler monkey (D:9)
  A bullfrog zombie (D:6)
  2 centaur zombies (D:9)
  4 hounds
  A bullfrog skeleton (D:5)
  2 human zombies (Ossuary)
  5 orc priests
  A gnoll shaman (D:3)
  Crazy Yiuf (D:2)
  Jessica (D:2)
  3 iguanas
  Terence (D:2)
  6 orc wizards
  A scorpion zombie (D:5)
  A killer bee zombie (D:9)
  A hound zombie (Ossuary)
  A hound skeleton (D:5)
  5 mummies
  A howler monkey skeleton (D:6)
  11 gnolls
  6 adders
  3 white imps
  2 ufetubi
  An adder skeleton (D:4)
  An adder zombie (Ossuary)
  4 dart slugs (D:2)
  31 orcs
  7 ball pythons
  7 endoplasms
  2 giant cockroaches (D:2)
  2 gnoll zombies (Ossuary)
  5 goblins
  7 hobgoblins
  15 kobolds
  6 quokkas
  3 bats
  3 frilled lizards
  A hobgoblin zombie (Ossuary)
  A jackal zombie (Ossuary)
  3 kobold zombies
  2 orc zombies
  4 rats
  A butterfly (D:4)
224 creatures vanquished.

Vanquished Creatures (others)
  An ufetubus (D:7)
  A fungus (D:3)
2 creatures vanquished.

Grand Total: 226 creatures vanquished

Notes
Turn   | Place    | Note
-------+----------+-------------------------------------------
     0 | D:1      | buriedalive the Deep Elf Ice Elementalist began the quest
                  | for the Orb.
     0 | D:1      | Reached XP level 1. HP: 10/10 MP: 6/6
   492 | D:1      | Reached XP level 2. HP: 7/15 MP: 4/8
  1060 | D:2      | Reached skill level 3 in Dodging
  1356 | D:2      | Reached XP level 3. HP: 18/19 MP: 7/10
  1360 | D:2      | Learned a level 3 spell: Ozocubu's Armour
  1364 | D:2      | Learned a level 3 spell: Frozen Ramparts
  1622 | D:2      | Found a basalt altar of Yredelemnul.
  1797 | D:2      | Reached skill level 5 in Ice Magic
  2087 | D:2      | Noticed Jessica
  2095 | D:2      | Killed Jessica
  2096 | D:2      | Reached XP level 4. HP: 22/24 MP: 4/12
  2245 | D:2      | Noticed Terence
  2254 | D:2      | Killed Terence
  2389 | D:2      | Found a runed translucent door.
  2390 | D:2      | Noticed Crazy Yiuf
  2396 | D:2      | Killed Crazy Yiuf
  2397 | D:2      | Reached skill level 4 in Dodging
  2397 | D:2      | Reached XP level 5. HP: 28/28 MP: 9/14
  2401 | D:2      | Identified the +2 mace of Amortisation {drain, *Noise
                  | Fragile rPois Int+9}
  2685 | D:3      | Found a faded altar of an unknown god.
  2687 | D:3      | Noticed a black bear
  2695 | D:3      | Killed a black bear
  2696 | D:3      | Reached skill level 5 in Spellcasting
  3023 | D:3      | Reached XP level 6. HP: 32/32 MP: 9/15
  3030 | D:3      | Reached skill level 5 in Dodging
  3357 | D:3      | Noticed Grinder
  3393 | D:3      | Killed Grinder
  3394 | D:3      | Reached skill level 6 in Dodging
  3394 | D:3      | Reached XP level 7. HP: 18/36 MP: 9/16
  4054 | D:4      | Noticed Pikel
  4065 | D:4      | Killed Pikel
  4066 | D:4      | Reached skill level 7 in Dodging
  4313 | D:4      | Reached XP level 8. HP: 24/41 MP: 10/17
  4625 | D:4      | Reached skill level 8 in Dodging
  4997 | D:4      | Found a shimmering altar of Xom.
  5177 | D:4      | Reached skill level 1 in Fighting
  5511 | D:4      | Found a staircase to the Ecumenical Temple.
  5518 | Temple   | Entered the Ecumenical Temple
  5780 | Temple   | Became a worshipper of Ashenzari the Shackled
  5974 | D:5      | Entered Level 5 of the Dungeon
  6632 | D:5      | Noticed Sigmund
  6641 | D:5      | Killed Sigmund
  6642 | D:5      | Reached skill level 9 in Dodging
  6764 | D:5      | Found Efeodd's General Store.
  6969 | D:5      | Reached XP level 9. HP: 50/50 MP: 14/18
  7008 | D:5      | Found an opulent altar of Gozag.
  7281 | D:6      | Found the +4 dagger "Morg" {pain, Will+ Int+5}
  7316 | D:6      | Found an ancient bone altar of Kikubaaqudgha.
  7333 | D:6      | Noticed Edmund
  7349 | D:6      | Killed Edmund
  7412 | D:6      | Found an ornate altar of the Wu Jian Council.
  7688 | D:6      | Found a sand-covered staircase.
  7699 | Ossuary  | Entered an ossuary
  7779 | Ossuary  | Gained mutation: You have a pair of small antennae on your
                  | head. [potion of mutation]
  7779 | Ossuary  | Gained mutation: You are somewhat resistant to further
                  | mutation. [potion of mutation]
  7794 | Ossuary  | Reached skill level 10 in Ice Magic
  8397 | D:6      | Reached skill level 10 in Dodging
  8517 | D:6      | Learned a level 4 spell: Hailstorm
  8519 | D:6      | Found a blossoming altar of Fedhas.
  8519 | D:6      | Found a snail-covered altar of Cheibriados.
  8520 | D:6      | Found a glowing golden altar of the Shining One.
  8571 | D:6      | Found a stormy altar of Qazlal.
  8591 | D:6      | Reached skill level 1 in Conjurations
  8901 | D:7      | Noticed Maggie
  8918 | D:7      | Killed Maggie
  9477 | D:7      | Lost mutation: You are somewhat resistant to further
                  | mutation. [potion of mutation]
  9477 | D:7      | Lost mutation: You have a pair of small antennae on your
                  | head. [potion of mutation]
  9477 | D:7      | Gained mutation: You do not regenerate when monsters are
                  | visible. [potion of mutation]
  9477 | D:7      | Gained mutation: You are clumsy. (Dex -2) [potion of
                  | mutation]
  9477 | D:7      | Gained mutation: You expend magic power (3 MP) to
                  | strengthen your wands. [potion of mutation]
  9477 | D:7      | Gained mutation: You have large cloven feet. [potion of
                  | mutation]
 10293 | D:8      | Noticed Erica
 10319 | D:8      | Killed Erica
 10320 | D:8      | Reached skill level 5 in Fighting
 10320 | D:8      | Reached skill level 11 in Dodging
 10320 | D:8      | Reached XP level 10. HP: 18/59 MP: 7/19
 10605 | D:8      | Found Ylucw's Distillery.
 10626 | D:8      | Noticed a two-headed ogre
 10637 | D:8      | Killed a two-headed ogre
 11202 | D:8      | Noticed Harold
 11218 | D:8      | Killed Harold
 11219 | D:8      | Reached skill level 5 in Conjurations
 11242 | D:8      | Noticed Grum
 11255 | D:8      | Killed Grum
 11706 | D:8      | Found a bloodstained altar of Trog.
 11709 | D:8      | Found a basalt altar of Yredelemnul.
 11945 | D:9      | Reached skill level 12 in Dodging
 12043 | D:9      | Found a runed translucent door.
 12179 | D:9      | Learned a level 4 spell: Summon Ice Beast
 12354 | D:9      | Reached skill level 1 in Summonings
 12579 | D:9      | Noticed a two-headed ogre
 12587 | D:9      | Killed a two-headed ogre
 12898 | D:9      | Found a radiant altar of Vehumet.
 12993 | D:9      | Noticed a cyclops
 13037 | D:9      | Reached XP level 11. HP: 15/67 MP: 12/21
 13736 | D:7      | You fall into a shaft and drop 2 floors!
 13806 | D:8      | Slain by a shadow

Illustrated notes

Levels and vault maps discovered:
D:1:      lightli_arrival_flooded_house, layout_basic, minmay_quantized
D:2:      layout_loops_corners, basic_altar, uniq_crazy_yiuf_cottage,
          uniq_jessica, uniq_terence
D:3:      layout_loops_ring, shapermc_ecumenical_altar_rom_forum, wad_orctagon,
          uniq_grinder
D:4:      layout_basic, kennysheep_mini, minmay_temple_entry_butterflies,
          uniq_pikel
D:5:      layout_loops_ring, nicolae_gozag_seed_capital, serial_shops, shop,
          uniq_sigmund
D:6:      kennysheep_six_static_rooms, layout_basic,
          mainiacjoe_overflow_alcove_4, gammafunk_temple_overflow_forgotten,
          nicolae_kikubaaqudgha_miasma_corner,
          mainiacjoe_overflow_six_doors_small, nicolae_ossuary_entry_giza,
          uniq_edmund
D:7:      layout_cave_pools, serial_column_ruins, column_ruins_pillar_7,
          column_ruins_pillar_1, column_ruins_pillar_2, column_ruins_pillar_4,
          column_ruins_pillar_7, column_ruins_pillar_8, column_ruins_pillar_7,
          column_ruins_pillar_4, column_ruins_pillar_4, column_ruins_pillar_1,
          column_ruins_pillar_11, column_ruins_pillar_2, uniq_maggie,
          uniq_joseph
D:8:      layout_basic, nicolae_overflow_hidden_temple, serial_shops,
          nicolae_shop_window_shopping, hangedman_glass_teeth, uniq_grum,
          uniq_harold, uniq_erica
D:9:      minmay_clustersquares, layout_layer_cave, lemuel_round_altar,
          lightli_church_of_beogh
Temple:   minmay_temple_curvy_loop

Skill      XL: |  1  2  3  4  5  6  7  8  9 10 11 |
---------------+----------------------------------+-----
Dodging        | 3 4 6 7 9 11 12 | 12.0
Spellcasting   | 4 5 |  5.0
Ice Magic      | 5 6 7 8 9 10 | 10.1
Fighting       | 3 5 7 |  7.3
Conjurations   | 4 6 |  6.1
Summonings     | 3 4 |  4.6
Stealth        | |  2.4

Action                   |  1- 3 |  4- 6 |  7- 9 | 10-12 || total
-------------------------+-------+-------+-------+-------++-------
Melee: Unarmed           |     2 |       |       |       ||     2
       Dagger            |    22 |       |       |       ||    22
       Punch             |     1 |       |    13 |     2 ||    16
       Mace              |       |    28 |   328 |   126 ||   482
Throw: Dart              |       |       |     1 |     5 ||     6
 Cast: Freeze            |    41 |    16 |    40 |    12 ||   109
       Frozen Ramparts   |     1 |     8 |    50 |    25 ||    84
       Ozocubu's Armour  |       |     4 |    20 |    11 ||    35
       Summon Ice Beast  |       |       |       |     3 ||     3
Invok: Curse Item        |       |       |       |     1 ||     1
Evoke: Wand              |       |     4 |    11 |     3 ||    18
  Use: Scroll            |       |       |    15 |     1 ||    16
       Potion            |       |       |    11 |     8 ||    19
 Stab: Sleeping          |     3 |       |     4 |       ||     7
       Distracted        |     1 |       |       |       ||     1
       Paralysed         |       |       |       |     2 ||     2
Armor: Robe              |     4 |    12 |    98 |    62 ||   176
Dodge: Dodged            |    35 |    30 |   442 |   227 ||   734
